[Event "*** SCC Grand Prix: Titled Tuesday Blitz"]
[Site "Chess.com"]
[Date "2020.10.06"]
[Round "8"]
[White "TomiLen"]
[Black "Balla_Tamas"]
[Result "1-0"]
[WhiteElo "2571"]
[BlackElo "2445"]
[TimeControl "180+1"]
[EndTime "11:36:01 PDT"]
[Termination "TomiLen won by resignation"]

1. d4 f5 2. Bg5 d5 3. e3 c6 4.
c4 Qa5+ 5. Nc3 e6 6. Nf3 Nd7 7. Be2 Ngf6 8. O-O Bd6 9. Bf4 Qc7 10. Bxd6 Qxd6 11. Rb1 a5 12. a3 O-O 13. b4 axb4 14.
axb4 Ne4 15. Qc2 Ra3 16. Rb3 Ra7 17. b5 Ra5 18. bxc6 bxc6 19. cxd5 cxd5 20. Nb5 Qe7 21. Qc7 Ra2 22. Bd3 Qd8 23. g3 Ba6 24. Qc6 Rf6 25.
Ne5 Nf8 26. Bxe4 fxe4 27. Rbb1 Qa5 28. Nc3 Rc2 29. Ra1 Rxc3 30. Qxa6 Qxa6 31. Rxa6 Rc2 32. Ra8 g6 33. g4 h6 34. Kg2 Kg7 35. Kg3 g5 36.
Ra7+ Kg8 37. h3 Ng6 38. Nxg6 Rxg6 39. Ra8+ Kg7 40. Ra7+ Kg8 41. Rb1 Rf6 42. Rb8+ Rf8 43. Rxf8+ Kxf8 44. Rh7 Rc8 45. Rh8+ Ke7 46. Rxc8 1-0

[Event "*** SCC Grand Prix: Titled Tuesday Blitz"]
[Site "Chess.com"]
[Date "2020.10.06"]
[Round "8"]
[White "tdf98pantani"]
[Black "vaishali2001"]
[Result "1/2-1/2"]
[WhiteElo "2716"]
[BlackElo "2548"]
[TimeControl "180+1"]
[EndTime "11:36:02 PDT"]
[Termination "Game drawn by repetition"]

1. e4 e6 2. d4 d5 3. Nd2 c5 4. exd5 Qxd5 5. Ngf3 cxd4 6. Bc4 Qd6 7. O-O Nf6 8. Nb3 Nc6 9. Nbxd4 Nxd4 10. Nxd4 Be7 11. c3 O-O 12. Bg5 Qc5 13. Bxf6 Bxf6 14. Qd3 Bd7 15. Rad1 Rad8 16. Qe2 Bc8 17. Nb3 Qc6 18. Bd3 b6 19. Be4 Qc7 20. Qf3 Ba6 21. Rfe1 Rxd1 22.
Rxd1 Rd8 23. g3 Rxd1+ 24. Qxd1 g6 25. Nd4 Qe5 26. Qf3 Kg7 27. Bd3 Bxd3 28. Qxd3 Qd5 29. a3 Bxd4 30. Qxd4+ Qxd4 31. cxd4 Kf6 32. f3 e5 33.
dxe5+ Kxe5 34. Kf2 Kd4 35. Ke2 Kc4 36. Kd2 Kb3 37.
Kc1 h5 38. Kb1 f6 39. Kc1 g5 40. Kb1 f5 41. Kc1 f4 42. gxf4 gxf4 43. Kb1 Kc4 44.
Kc2 Kd4 45. Kd2 h4 46. h3 a6 47. b3 b5 48. a4 b4 49. a5 Kc5 50. Kd3 Kd5 51. Ke2 Kc5 52. Kd3 Kd5 53. Ke2 Kd4 54.
Kd2 Ke5 55. Kd3 Kd5 1/2-1/2

[Event "*** SCC Grand Prix: Titled Tuesday Blitz"]
[Site "Chess.com"]
[Date "2020.10.06"]
[Round "8"]
[White "Brave_spirit12"]
[Black "nurgyulsalimova"]
[Result "0-1"]
[WhiteElo "2479"]
[BlackElo "2614"]
[TimeControl "180+1"]
[EndTime "11:36:03 PDT"]
[Termination "nurgyulsalimova won by checkmate"]

1. e4 g6 2. d4 Bg7 3. Nc3 c6 4. Nf3 d5 5. Bd3 dxe4 6. Nxe4 Nf6 7. h3 O-O 8. O-O Nbd7 9. c3 Nxe4 10. Bxe4 Nf6 11. Bc2 Be6 12. b3 Qc7 13. Ne5 c5 14. Bf4 Nd5 15. Bg3 Qc8 16. Qd2 cxd4 17. cxd4 Qc3 18. Qe2 Rac8 19. Be4 Qxd4 20. Nf3 Qb4 21. Bxd5 Bxd5 22. Rad1 Rfd8 23. Rfe1 e6 24. Ne5 a5 25.
Kh2 a4 26. bxa4 Qxa4 27. Nxf7 Rc2 28. Qe3 Rc3 29. Nh6+ Kh8 30. Qg5 Rf8 31. Be5 Qb4 32. Bxc3 Qxc3 33. Ng4 Qc7+ 34. Kg1 Rf5 35. Qe3 Qf7 36. Qb6 h5 37. Qe3 hxg4 38. hxg4 Rf4 39. g3 Rxg4 40. Kh2 Kg8 41. f4 g5 42. Qe2 Qh5+ 43.
Kg1 Rxg3+ 44. Kf2 Qh2+ 45. Kf1 Rg1# 0-1

[Event "*** SCC Grand Prix: Titled Tuesday Blitz"]
[Site "Chess.com"]
[Date "2020.10.06"]
[Round "8"]
[White "annazero"]
[Black "remi04"]
[Result "1/2-1/2"]
[WhiteElo "2406"]
[BlackElo "2544"]
[TimeControl "180+1"]
[EndTime "11:36:03 PDT"]
[Termination "Game drawn by repetition"]

1. d4 d5 2. Nf3 Nf6 3. c4 c6 4. Nc3 e6 5. e3 Nbd7 6. Bd3 dxc4 7. Bxc4 b5 8. Bd3 Bd6 9. O-O O-O 10. b3 Bb7 11.
Bb2 Qe7 12. Rc1 a6 13. Ne4 Nxe4 14. Bxe4 Rac8 15. Ne5 Nxe5 16. dxe5 Ba3 17. Bxa3 Qxa3 18. Qd7 Ba8 19. Rc2 Rfd8 20. Qa7 Qb4 21. Bf3 Qa5 22.
h3 h6 23. Rfc1 Rc7 24. Qc5 Rcd7 25. b4 Qa4 26. Bxc6 Rc7 27. Qb6 Rdc8 28. Be4 Rxc2 29.
Rxc2 Rf8 30. Qd4 Bxe4 31. Qxe4 Rd8 32. Kh2 Qa3 33. Qb7 Qxb4 34. Qxa6 Qe4 35. Qc6 Qxe5+ 36. g3 Kh7 37. Qc5 Rd5 38. Qb4 Qf6 39. Rb2 Rf5 40.
Kg2 Qd8 41. Qe4 Qd5 42. Qxd5 Rxd5 43. e4 Rc5 44. Kf3 Kg6 45. Ke3 Kf6 46. Kd4 Rc4+ 47. Kd3 Rc5 48. Kd4 Rc4+ 49. Kd3 Rc5 50. Kd4 1/2-1/2

[Event "*** SCC Grand Prix: Titled Tuesday Blitz"]
[Site "Chess.com"]
[Date "2020.10.06"]
[Round "8"]
[White "juli2512"]
[Black "BikingBrian"]
[Result "1/2-1/2"]
[WhiteElo "2054"]
[BlackElo "2196"]
[TimeControl "180+1"]
[EndTime "11:36:03 PDT"]
[Termination "Game drawn by repetition"]

1. e4 c5 2. d3 g6 3. Nf3 Bg7 4.
g3 Nc6 5. Bg2 e5 6. O-O Nge7 7.
c3 O-O 8. a3 d6 9. b4 b6 10.
Bb2 h6 11. Nbd2 Be6 12. Re1 Qd7 13. Nf1 Kh7 14. d4 cxd4 15. cxd4 Bh3 16. Ne3 Bxg2 17.
Kxg2 Rad8 18. Rc1 a5 19. dxe5 dxe5 20. Qxd7 Rxd7 21. b5 Nd4 22. a4 Nb3 23. Rcd1 Nd4 24. Nxd4 exd4 25. Bxd4 Rxd4 26. Rxd4 Bxd4 27. Nc4 Bc5 28.
Rd1 f5 29. e5 f4 30. Rd7 fxg3 31. fxg3 Rf2+ 32. Kh3 Re2 33. Nxb6 Rxe5 34. Nc8 Kg7 35. b6 Bxb6 36. Nxb6 Kf6 37. Ra7 Nc6 38. Nd7+ Ke6 39. Nxe5 Nxa7 40. Nxg6 Nc8 41. Nf4+ Ke5 42. Kh4 Nb6 43.
Kh5 Nxa4 44. Kxh6 Nc5 45. Ne2 a4 46. Nc3 a3 47. g4 Kf6 48. g5+ Kf7 49. Kh7 Ne4 50.
g6+ Kf6 51. g7 Ng5+ 52. Kh6 Nf7+ 53. Kh7 Ng5+ 54. Kh8 Nf7+ 55. Kh7 Ng5+ 1/2-1/2

[Event "*** SCC Grand Prix: Titled Tuesday Blitz"]
[Site "Chess.com"]
[Date "2020.10.06"]
[Round "8"]
[White "fireheart92"]
[Black "severomorskij"]
[Result "1-0"]
[WhiteElo "2884"]
[BlackElo "2777"]
[TimeControl "180+1"]
[EndTime "11:36:04 PDT"]
[Termination "fireheart92 won by resignation"]

1. d4 Nf6 2. c4 e6 3. Nf3 Bb4+ 4. Nbd2 O-O 5. a3 Be7 6. e4 d6 7. Qc2 Nfd7 8. g3 e5 9. Bg2 exd4 10. Nxd4 Bf6 11. N2f3 Nc6 12. Nxc6 bxc6 13. Rb1 Nc5 14. O-O Re8 15. Re1 Bg4 16. h3 Bh5 17. b4 Nxe4 18. Rxe4 Rxe4 19. Qxe4 Bg6 20. Qxc6 Bxb1 21. Nd2 Rb8 22. Nxb1 Bd4 23. Nd2 Qe7 24. Qe4 Qf6 25. Nf3 Bb6 26. Be3 Qe6 27. Qxe6 fxe6 28. Ng5 Bxe3 29.
fxe3 Re8 30. Nxe6 Rxe6 31. Bd5 Kf7 32. Kf2 Kf6 33. Bxe6 Kxe6 34. e4 Ke5 35. Ke3 g5 36. b5 h5 37. h4 Kf6 38. Kd4 gxh4 39. gxh4 Ke6 40. a4 Ke7 41. Kd5 Kd7 42. e5 dxe5 43. Kxe5 c6 44. c5 Kc7 45. Kf5 cxb5 46. axb5 a5 47. bxa6 1-0

[Event "*** SCC Grand Prix: Titled Tuesday Blitz"]
[Site "Chess.com"]
[Date "2020.10.06"]
[Round "8"]
[White "ClydeHillKid"]
[Black "nochewycandy"]
[Result "0-1"]
[WhiteElo "2319"]
[BlackElo "2473"]
[TimeControl "180+1"]
[EndTime "11:36:05 PDT"]
[Termination "nochewycandy won by resignation"]

1. e4 g6 2. d4 Bg7 3. Nc3 d6 4. Nf3 a6 5. Be3 b5 6. h3 Bb7 7.
Bd3 Nd7 8. O-O Rc8 9. Re1 c5 10.
a4 b4 11. Nd5 e6 12. dxc5 dxc5 13. Nf4 Ne7 14. Nd2 Ne5 15. Rb1 c4 16. Bf1 O-O 17. c3 b3 18. f3 Qa5 19. Be2 Rfd8 20. Ra1 Rd7 21. Qc1 Qd8 22. Nf1 N7c6 23. Rd1 Rxd1 24. Qxd1 Qc7 25. Qe1 Rd8 26. Rd1 Na5 27. Rxd8+ Qxd8 28. Qd2 Qxd2 29. Bxd2 Bc6 30. Ne3 Bxa4 31. g4 Bb5 32.
Nfg2 Nd7 33. f4 Nb6 34. e5 Bf8 35. g5 Na4 36. Bc1 Ba3 37. bxa3 b2 38. Bxb2 Nxb2 39.
Ne1 Na4 40. Nd1 Nc5 41. Nc2 Kf8 42. Nd4 Ba4 43. Ne3 Ne4 44. Nxc4 Nxc4 45. Bxc4 Nxc3 46. Bxa6 Nb1 47. Nc2 Bxc2 48. Kf2 Nxa3 49. Kg3 Bf5 50. Be2 Nc2 51. h4 Nd4 52. Bf1 Kg7 53. Bc4 h5 54. Ba2 Kf8 55. Bc4 Ke7 56. Bf1 Be4 57. Kf2 Bd5 58. Ke3 Nf5+ 59. Kf2 Nxh4 0-1

[Event "*** SCC Grand Prix: Titled Tuesday Blitz"]
[Site "Chess.com"]
[Date "2020.10.06"]
[Round "8"]
[White "ThePatrick27"]
[Black "guillembaches"]
[Result "1-0"]
[WhiteElo "2555"]
[BlackElo "2416"]
[TimeControl "180+1"]
[EndTime "11:36:06 PDT"]
[Termination "ThePatrick27 won by resignation"]

1. d4 d5 2. c4 Nc6 3. Nf3 Bg4 4. Bf4 e6 5. e3 Bb4+ 6. Nc3 Nf6 7. Be2 O-O 8. O-O Bxc3 9. bxc3 dxc4 10. Bxc4 Nd5 11. Bxd5 Qxd5 12. Re1 Rac8 13. h3 Bh5 14. e4 Qc4 15. Re3 Rfd8 16. Qb3 Na5 17. Qa3 b6 18. Ne5 Qa6 19. Rg3 c5 20. Bg5 Re8 21. Bf6 Bg6 22.
Nxg6 hxg6 23. Bg5 cxd4 24. cxd4 Qe2 25. Re3 Qd2 26. Qd3 Qb2 27. Ree1 Rc3 28. Qa6 Rc7 29. Bf4 Rd7 30. Be3 Red8 31. Reb1 Qc2 32. f3 Qc3 33.
Bf2 Qa3 34. Rb3 Qe7 35. Rc3 Rc7 36. Rac1 Rdc8 37. Qxc8+ Rxc8 38. Rxc8+ Kh7 39. R8c7 Qa3 40. R1c2 Qd3 41. R2c3 Qd2 42. Rc2 Qd3 43. Rc1 g5 44. Rxf7 Qd2 45. Rcc7 Qxa2 46. Rxg7+ Kh6 47. h4 gxh4 48. Be3+ Kh5 49. Rg5+ Kh6 50. Rxa5+ Kg6 51. Rxa2 1-0

[Event "*** SCC Grand Prix: Titled Tuesday Blitz"]
[Site "Chess.com"]
[Date "2020.10.06"]
[Round "8"]
[White "Blagorod"]
[Black "ajdemipopushi"]
[Result "0-1"]
[WhiteElo "2182"]
[BlackElo "2356"]
[TimeControl "180+1"]
[EndTime "11:36:07 PDT"]
[Termination "ajdemipopushi won by resignation"]

1. e4 c5 2. Nc3 g6 3. g3 Bg7 4. Bg2 Nc6 5. d3 d6 6. f4 e6 7.
Nf3 Nge7 8. O-O O-O 9. Be3 Nd4 10.
e5 Nef5 11. Bf2 dxe5 12. fxe5 Nxf3+ 13. Qxf3 Bxe5 14. Bxc5 Bd4+ 15. Bxd4 Qxd4+ 16. Qf2 Bd7 17.
Bxb7 Rab8 18. Bg2 Rxb2 19. Ne4 Ba4 20. Qxd4 Nxd4 21. c3 Ne2+ 22. Kh1 Kg7 23. Rab1 Rxa2 24. Rb7 Bc6 25. Rc7 Bxe4 26. Bxe4 a5 27. d4 Ra3 28. d5 Nxc3 29. dxe6 Nxe4 30. Rfxf7+ Rxf7 31. Rxf7+ Kg8 32. Rf4 Nd6 33. e7 Re3 34. Rf6 Rxe7 35. Rxd6 Ra7 36. Rd3 a4 37. Ra3 Kf7 38. Kg2 Ke6 39. Kf3 Kd5 40. h4 Kc4 41. Kg4 Kb4 42. Ra1 a3 43. Kg5 a2 44. Kh6 Kb3 45. g4 Kb2 46.
Rxa2+ Kxa2 47. h5 gxh5 48. gxh5 Kb3 0-1

[Event "*** SCC Grand Prix: Titled Tuesday Blitz"]
[Site "Chess.com"]
[Date "2020.10.06"]
[Round "8"]
[White "anon569"]
[Black "Kotofeyca"]
[Result "0-1"]
[WhiteElo "2239"]
[BlackElo "2350"]
[TimeControl "180+1"]
[EndTime "11:36:07 PDT"]
[Termination "Kotofeyca won on time"]

1. e4 c5 2. Nf3 d6 3. d4 cxd4 4. Nxd4 Nf6 5. Nc3 a6 6. Bg5 e6 7. f4 Qb6 8. Qf3 Qxd4 9. Rd1 Qb6 10. Bc4 Be7 11. e5 dxe5 12. fxe5 Ng8 13. Rf1 f5 14. exf6 Nxf6 15. Bxf6 Bxf6 16. Ne4 O-O 17. Qe2 Qxb2 18. Nxf6+ gxf6 19. Rf3 Qe5 20. Re3 Qxh2 21. Qg4+ Kh8 22.
Rg3 Qh6 23. Rh3 Qg7 24. Qf3 Nc6 25. Bd3 Ne5 26. Qe4 Nxd3+ 27. Rdxd3 f5 28. Qf4 Bd7 29. Rh4 Bc6 30. Rdh3 Rf7 31. Rxh7+ Qxh7 32. Rxh7+ Rxh7 33. Qe5+ Rg7 34. Qh2+ Kg8 35. Qe5 Bd5 36. Kf2 Rc8 37. Kf1 Rc4 38. Qb8+ Kh7 39. Qh2+ Kg6 40. Qg3+ Kf6 41.
Qd6 Bxg2+ 42. Kf2 Re4 43. Qd8+ Kg6 0-1

[Event "*** SCC Grand Prix: Titled Tuesday Blitz"]
[Site "Chess.com"]
[Date "2020.10.06"]
[Round "8"]
[White "Konavets"]
[Black "vladislavkovalev"]
[Result "1-0"]
[WhiteElo "3010"]
[BlackElo "2871"]
[TimeControl "180+1"]
[EndTime "11:36:08 PDT"]
[Termination "Konavets won on time"]

1. c4 g6 2. d4 Bg7 3. Nc3 d6 4. e4 e5 5. Be3 exd4 6. Bxd4 Nf6 7. c5 O-O 8. cxd6 cxd6 9. Bb5 Nc6 10. Bxc6 bxc6 11.
Nge2 Re8 12. f3 d5 13. exd5 Ba6 14. O-O Bxe2 15. Nxe2 Qxd5 16. Nc3 Qc4 17. Qa4 Qxa4 18. Nxa4 Re2 19. Rf2 Rxf2 20. Bxf2 Nd5 21. Rc1 Nb6 22. Nc3 Rd8 23. Kf1 Rd2 24. b3 Be5 25. a4 Rd3 26. Be1 Nd5 27. Nxd5 cxd5 28. Rb1 d4 29. h3 h5 30. a5 a6 31. h4 Kg7 32. Ke2 Re3+ 33. Kf1 Rd3 34. Ke2 Re3+ 35. Kd1 Rd3+ 36. Kc2 Re3 37. Bd2 Re2 38. Kd3 Rxg2 39. b4 Bc7 40.
Rc1 Bd6 41. Rc4 Be7 42. Rxd4 Rf2 43. Re4 Bd6 44. Ke3 Rh2 45. Bc3+ Kf8 46. Rc4 Rxh4 47. Rxh4 1-0

[Event "*** SCC Grand Prix: Titled Tuesday Blitz"]
[Site "Chess.com"]
[Date "2020.10.06"]
[Round "8"]
[White "AttackSparrow"]
[Black "Stalri"]
[Result "1-0"]
[WhiteElo "2392"]
[BlackElo "2152"]
[TimeControl "180+1"]
[EndTime "11:36:08 PDT"]
[Termination "AttackSparrow won by checkmate"]

1. e4 c5 2. c3 Nf6 3. e5 Nd5 4.
d4 cxd4 5. cxd4 Nc6 6. Nf3 d6 7. Bc4 e6 8. O-O Be7 9. Bd2 O-O 10. Nc3 Nxc3 11. Bxc3 dxe5 12. dxe5 Qc7 13. Rc1 Rd8 14.
Qe2 b6 15. h4 Bb7 16. Bd3 Rd5 17. Be4 Rc5 18. Qe3 Rc8 19. Rcd1 Na5 20. Bb1 Nc4 21. Qd3 g6 22. Rfe1 Rd5 23. Qe2 Rcd8 24. Rxd5 Bxd5 25. h5 Bxf3 26. Qxf3 Nd2 27. Qe2 Nxb1 28. Rxb1 a5 29. hxg6 hxg6 30. Qf3 Rd5 31. g3 Qd7 32. Kg2 Rd3 33. Qe4 Qd5 34. Qxd5 Rxd5 35. Kf3 Bc5 36.
Rf1 Kf8 37. Ke4 Ke7 38. a3 Kd7 39. b4 axb4 40. axb4 Be7 41. Ra1 Bd8 42. Ra7+ Bc7 43. Ra8 Bd8 44. Ra1 Bc7 45. f4 Kc6 46. g4 Kb5 47.
Ra7 Rd7 48. f5 gxf5+ 49. gxf5 Kc4 50. Be1 Rd4+ 51. Ke3 exf5 52. Rxc7+ Kb5 53. Kxd4 f4 54. Ke4 f3 55. Kxf3 Ka4 56. Rxf7 b5 57. e6 Kb3 58. e7 Ka4 59. e8=Q Kb3 60. Qxb5 Kc2 61. Rc7+ Kb2 62. Qe2+ Kb3 63. Rc3+ Ka4 64. b5 Ka5 65. b6 Kb4 66. Qb2+ Ka4 67. Ra3# 1-0

[Event "*** SCC Grand Prix: Titled Tuesday Blitz"]
[Site "Chess.com"]
[Date "2020.10.06"]
[Round "8"]
[White "AntonovaNadezhda"]
[Black "ChadBiryani"]
[Result "0-1"]
[WhiteElo "2070"]
[BlackElo "2360"]
[TimeControl "180+1"]
[EndTime "11:36:08 PDT"]
[Termination "ChadBiryani won on time"]

1. d4 f5 2. Nf3 e6 3. g3 Nf6 4. Bg2 Be7 5. c4 O-O 6. O-O d6 7. b3 Ne4 8. Bb2 Nd7 9. Nfd2 Ndf6 10. Qc2 d5 11. f3 Nxd2 12. Nxd2 c6 13. e4 Bd7 14. e5 Ne8 15. f4 Rc8 16. Qd3 g6 17. Rac1 Ng7 18. Rfd1 Qa5 19. Qb1 b6 20. Nf1 Rfd8 21.
Ne3 Be8 22. Bc3 Qa6 23. Bb2 Rd7 24. cxd5 cxd5 25. Rxc8 Qxc8 26. Rc1 Rc7 27. a3 Bb5 28. Rxc7 Qxc7 29. Qc1 Qxc1+ 30. Bxc1 Kf7 31. Kf2 Ke8 32. Ke1 Kd7 33. Kd2 g5 34. Kc3 gxf4 35. gxf4 Nh5 36. Nc2 Bh4 37. a4 Be2 38. Nb4 Bf2 39. Nd3 Bg1 40.
h3 Bh2 41. b4 Bxd3 42. Kxd3 Bxf4 43. Ba3 Ng3 44. Bf3 Ne4 45. a5 b5 46. Be2 a6 47.
Bf3 Nf2+ 48. Kc3 Nxh3 49. Bh5 Ng5 50. Kd3 Ne4 51. Ke2 Ng3+ 0-1

[Event "*** SCC Grand Prix: Titled Tuesday Blitz"]
[Site "Chess.com"]
[Date "2020.10.06"]
[Round "8"]
[White "Ermito2020"]
[Black "smshk35"]
[Result "1/2-1/2"]
[WhiteElo "2661"]
[BlackElo "2478"]
[TimeControl "180+1"]
[EndTime "11:36:09 PDT"]
[Termination "Game drawn by repetition"]

1. e4 c5 2. Nf3 e6 3. d4 cxd4 4. Nxd4 a6 5. Bd3 Nc6 6. Nxc6 dxc6 7. O-O e5 8. Nc3 Bc5 9. Qe2 Nf6 10. Be3 Bxe3 11.
Qxe3 O-O 12. Rad1 Qc7 13. Na4 b5 14. Nc5 Qb6 15. h3 Nd7 16. Nxd7 Qxe3 17. fxe3 Bxd7 18. Bc4 Bxh3 19. Bxf7+ Rxf7 20. gxh3 Rxf1+ 21. Kxf1 Rf8+ 22. Kg2 Rf6 23. Rd7 a5 24. b3 a4 25. bxa4 bxa4 26. Ra7 Rd6 27. Rxa4 Rd2+ 28. Kf3 Rxc2 29. Ra7 c5 30. a4 c4 31. a5 c3 32. Re7 Rc1 33. a6 c2 34. a7 Ra1 35. Rc7 Rxa7 36. Rxc2 Kf7 37. Rc6 Ra1 38. Kg4 Rf1 39. Ra6 Rf2 40.
h4 Rf1 41. h5 h6 42. Ra7+ Kf6 43. Ra6+ Kf7 44. Rb6 Rg1+ 45. Kh4 Rg5 46. Rb7+ Ke6 47. Rb6+ Kd7 48. Ra6 Kc7 49. Re6 Kd7 50. Ra6 Ke7 51.
Rb6 Rg1 52. Rb7+ Kf6 53. Rb6+ Kf7 54. Rb7+ Ke6 55. Rb6+ Kd7 56. Ra6 Kc7 57. Re6 Rg5 58. Ra6 Kb7 59. Re6 Kc8 60. Rd6 Kc7 61. Re6 Kd7 62. Ra6 1/2-1/2

[Event "*** SCC Grand Prix: Titled Tuesday Blitz"]
[Site "Chess.com"]
[Date "2020.10.06"]
[Round "8"]
[White "RusPakhom"]
[Black "Sergey85Rodchenkov"]
[Result "0-1"]
[WhiteElo "2308"]
[BlackElo "2463"]
[TimeControl "180+1"]
[EndTime "11:36:09 PDT"]
[Termination "Sergey85Rodchenkov won by resignation"]

1. e4 c5 2. Nf3 d6 3. c4 Nc6 4. d4 cxd4 5. Nxd4 g6 6. Be3 Bg7 7. Nc3 Nf6 8. Be2 O-O 9. O-O Nxd4 10. Bxd4 Be6 11. b3 Qa5 12. f3 Rfc8 13. Qd2 a6 14. Rad1 Rab8 15. Nd5 Qxd2 16. Rxd2 Bxd5 17. exd5 Nd7 18.
Bf2 b5 19. cxb5 axb5 20. a4 bxa4 21. bxa4 Nc5 22. Bb5 Ra8 23. Re2 Kf8 24. Bh4 Bd4+ 25. Kh1 f6 26. Bc6 Ra7 27. Rd2 Be3 28. Re2 Bf4 29. Ra2 Rb8 30. Bf2 Be5 31. Bxc5 dxc5 32.
Rc2 Bd4 33. g3 Rb3 34. Kg2 Ra3 35. f4 f5 36. Bb5 Ra8 37. Re2 Rc8 38. Rfe1 Bf6 39.
Re6 Kf7 40. Rc6 Ra2+ 41. Kh3 Rd8 42. Rc7 Kg7 43. Rxc5 h6 44. Rc7 g5 45. Rcxe7+ Bxe7 46. Rxe7+ Kf6 47. Re6+ Kf7 48. fxg5 hxg5 49. Rh6 Kg7 50. Rh5 Kg6 51. g4 Ra3+ 52. Kg2 fxg4 0-1

[Event "*** SCC Grand Prix: Titled Tuesday Blitz"]
[Site "Chess.com"]
[Date "2020.10.06"]
[Round "8"]
[White "NMZanette"]
[Black "andresgv36"]
[Result "1-0"]
[WhiteElo "2250"]
[BlackElo "2402"]
[TimeControl "180+1"]
[EndTime "11:36:11 PDT"]
[Termination "NMZanette won on time"]

1. e4 e5 2. Nf3 Nc6 3. Bb5 a6 4. Ba4 d6 5. O-O Bd7 6. Re1 g6 7. d4 Bg7 8. dxe5 Nxe5 9. Bxd7+ Nxd7 10. Nc3 Ne7 11. Bg5 h6 12. Bf4 O-O 13. Qd2 g5 14.
Bg3 Ng6 15. Nd4 Bxd4 16. Qxd4 Qf6 17. Qxf6 Nxf6 18. f3 Rfe8 19. Rad1 h5 20. Nd5 Nxd5 21. Rxd5 f6 22. Red1 h4 23. Bf2 Re6 24. c4 Ne7 25.
R5d2 f5 26. exf5 Nxf5 27. Rd5 Rf8 28. c5 Kg7 29. cxd6 cxd6 30. Bd4+ Kg6 31. Bf2 Rc8 32.
R5d2 Rce8 33. g4 Ng7 34. Rxd6 Kf7 35. Rd7+ R8e7 36. Bc5 Re1+ 37. Kf2 Re2+ 38. Kf1 Re1+ 39.
Rxe1 Rxd7 40. Ke2 Ne6 41. Be3 Kg6 42. Rd1 Re7 43. Rd6 Kf7 44. Kd3 Rc7 45. Rd5 Kg6 46.
Rd6 Kf7 47. a4 1-0

[Event "*** SCC Grand Prix: Titled Tuesday Blitz"]
[Site "Chess.com"]
[Date "2020.10.06"]
[Round "8"]
[White "ViktoriyaTarasova"]
[Black "aloe_normansen"]
[Result "1-0"]
[WhiteElo "2273"]
[BlackElo "2343"]
[TimeControl "180+1"]
[EndTime "11:36:11 PDT"]
[Termination "ViktoriyaTarasova won by resignation"]

1. d4 Nf6 2. c4 g6 3. Nc3 Bg7 4. e4 d6 5. h3 O-O 6. Be3 c5 7. d5 e6 8. Bd3 exd5 9. exd5 Re8 10. Nf3 Nbd7 11. O-O a6 12. a4 Ne5 13. Nxe5 Rxe5 14. Bf4 Re8 15. Qd2 Qc7 16. Rfe1 Bd7 17. Bh2 Rad8 18.
Qf4 Bc8 19. Rxe8+ Nxe8 20. Re1 Bd4 21. Qg5 Ng7 22. Ne4 Bf5 23. b3 Bxe4 24. Rxe4 Re8 25. g4 Rxe4 26. Bxe4 f6 27. Qd2 Qe7 28. Bc2 Be5 29.
f4 Bd4+ 30. Kg2 Ne8 31. Bg3 Nc7 32. h4 Kg7 33. Qd3 f5 34. gxf5 gxf5 35. Kh3 Qf6 36. Qxf5 Qxf5+ 37. Bxf5 b5 38. axb5 axb5 39. Kg4 bxc4 40.
bxc4 Na8 41. h5 Nb6 42. Bd3 Bf6 43. Kf5 Kf7 44. Be1 Na4 45. Kg4 Be7 46. Bxh7 Kg7 47. Bc2 Bf6 48. Bxa4 Kh6 49. Bd2 Kg7 50. Bc2 Kf7 51.
Bg6+ Kg7 52. f5 Be5 53. Bf4 1-0

[Event "*** SCC Grand Prix: Titled Tuesday Blitz"]
[Site "Chess.com"]
[Date "2020.10.06"]
[Round "8"]
[White "PavelShkapenko"]
[Black "dretch"]
[Result "1-0"]
[WhiteElo "2738"]
[BlackElo "2842"]
[TimeControl "180+1"]
[EndTime "11:36:13 PDT"]
[Termination "PavelShkapenko won on time"]

1. e4 e6 2. d4 d5 3. exd5 exd5 4. Nf3 Bd6 5. c4 Nf6 6. Nc3 dxc4 7. Bxc4 O-O 8. O-O Nc6 9. h3 h6 10. Qc2 Na5 11. Bd3 Be6 12. Re1 Re8 13. Ne5 Nc6 14. Nxc6 bxc6 15. Be3 Qd7 16. Ne4 Nd5 17. Nc5 Bxc5 18.
Qxc5 Rab8 19. b3 Nb4 20. Bf1 Bf5 21. Rec1 Rb6 22. Rc3 Nd5 23. Rcc1 Nxe3 24. fxe3 Rxe3 25.
Re1 Qe8 26. Kf2 Rxe1 27. Rxe1 Qd8 28. Qxf5 Qxd4+ 29. Kf3 Rb8 30. Qe4 Qc3+ 31. Qe3 Qb2 32. Bd3 g6 33. Re2 Qa1 34. Kg3 Rd8 35. Kh2 Qf6 36.
Be4 Re8 37. Qf3 Qd6+ 38. g3 Re6 39. Bd3 Rf6 40. Qe4 Qc5 41. Bc4 Kg7 42. Kg2 h5 43. h4 Qd6 44. Qe5 Kf8 45. Qxd6+ cxd6 46. Rf2 Rxf2+ 47.
Kxf2 Ke7 48. Ke3 d5 49. Bd3 Kd6 50. b4 Ke5 51. a3 f5 52. Bc2 1-0

[Event "*** SCC Grand Prix: Titled Tuesday Blitz"]
[Site "Chess.com"]
[Date "2020.10.06"]
[Round "8"]
[White "nelsoncopa"]
[Black "aisha_zakirova"]
[Result "1/2-1/2"]
[WhiteElo "1672"]
[BlackElo "2155"]
[TimeControl "180+1"]
[EndTime "11:36:14 PDT"]
[Termination "Game drawn by repetition"]

1. d4 Nf6 2. c4 e6 3. Nc3 Bb4 4. Qc2 O-O 5. Nf3 b6 6. Bg5 Bb7 7. e3 h6 8. h4 hxg5 9. hxg5 Ne4 10. Bd3 f5 11. gxf6 Nxc3 12. bxc3 Bxc3+ 13. Qxc3 Qxf6 14. O-O-O c5 15. Ne5 Rd8 16. Bh7+ Kf8 17. Bg6 Nc6 18. f4 Nb4 19. Kb2 Bxg2 20. Rh8+ Ke7 21. Rxd8 Rxd8 22. dxc5 bxc5 23. a3 Nc6 24. Nxc6+ dxc6 25. Rxd8 Qxc3+ 26. Kxc3 Kxd8 27. Bf7 Ke7 28. Bg6 Bh3 29. Bd3 Bf5 30.
Be2 Be4 31. Kb3 e5 32. Ka4 exf4 33. exf4 Kf6 34. Ka5 Kf5 35. Ka6 Kxf4 36. Kxa7 g5 37. Kb6 g4 38. Bxg4 Kxg4 39. Kxc5 Bc2 40. a4 Bxa4 41.
Kb4 Bc2 42. Kc5 Be4 43. Kd6 Bh1 44. Ke5 Kg5 45. c5 Kg6 46. Kd6 Kf7 47. Ke5 Bd5 48. Kd4 Ke8 49. Ke5 Kd7 50. Kd4 Kc7 51. Ke5 Kd7 52. Kd4 Kc7 53. Ke5 Kd7 1/2-1/2

[Event "*** SCC Grand Prix: Titled Tuesday Blitz"]
[Site "Chess.com"]
[Date "2020.10.06"]
[Round "8"]
[White "GM_Levan_Pantsulaia"]
[Black "Oleksandr_Bortnyk"]
[Result "1-0"]
[WhiteElo "2808"]
[BlackElo "2891"]
[TimeControl "180+1"]
[EndTime "11:36:15 PDT"]
[Termination "GM_Levan_Pantsulaia won by resignation"]

1. Nf3 d6 2. g3 e5 3. Bg2 g6 4. O-O Bg7 5. c4 Nc6 6. Nc3 Nge7 7. Rb1 a5 8. a3 O-O 9. b4 axb4 10. axb4 Nd4 11. Ne1 c6 12. e3 Ne6 13.
d3 d5 14. Nc2 e4 15. Bb2 f5 16. cxd5 cxd5 17. Ne2 Bxb2 18. Rxb2 Nc6 19. b5 Ne5 20. Nb4 Ng5 21. Nd4 f4 22. exf4 Bg4 23. Qb3 Ngf3+ 24.
Nxf3 Nxf3+ 25. Kh1 Rf7 26. Qxd5 Qf6 27. Rc2 Nd4 28.
Rc7 Be6 29. Rxf7 Qxf7 30. Qxd4 exd3 31. Nxd3 Qe7 32. Ne5 Rd8 33. Qe3 h5 34. h4 Kh7 35.
Re1 Bf5 36. Be4 b6 37. Bxf5 gxf5 38. Qxb6 Rd6 39. Qe3 Qb7+ 40. Qf3 Qxf3+ 41. Nxf3 Rb6 42. Re5 Kg6 43. Nd4 Rb8 44. Nxf5 Rd8 45. Ne7+ Kf6 46. b6 Rd1+ 47. Kg2 Rb1 48. Nd5+ Kg6 49. Rg5+ Kh6 50.
f5 Rb5 51. Rg6+ 1-0

[Event "*** SCC Grand Prix: Titled Tuesday Blitz"]
[Site "Chess.com"]
[Date "2020.10.06"]
[Round "8"]
[White "Legendinunknown"]
[Black "venus02"]
[Result "1-0"]
[WhiteElo "2646"]
[BlackElo "2487"]
[TimeControl "180+1"]
[EndTime "11:36:15 PDT"]
[Termination "Legendinunknown won by resignation"]

1. e4 c6 2. d4 d5 3. exd5 cxd5 4. c4 Nf6 5. Nc3 Nc6 6. Nf3 Be6 7.
Qb3 Na5 8. Qb4 dxc4 9. Be3 Bd5 10. Nxd5 Qxd5 11. Ne5 Nc6 12. Nxc6 Qxc6 13. Bxc4 e6 14. Qb3 a6 15. O-O Be7 16. Rfd1 O-O 17. d5 exd5 18. Bxd5 Nxd5 19. Rxd5 Rfd8 20. Rf5 Bf6 21.
Re1 Qe6 22. Qxe6 fxe6 23. Rc5 Rac8 24. b4 Kf7 25. g3 b5 26. Rec1 Rxc5 27. bxc5 b4 28.
Rc4 Bc3 29. c6 Rc8 30. Bb6 Ke7 31. a3 Kd6 32. c7 Kd5 33. Rc5+ Kd6 34. axb4 Bxb4 35. Rc4 a5 36. Kf1 Kd7 37. Ke2 Bd6 38. Bxa5 Bxc7 39. Bc3 g6 40. Kd3 Bd6 41. Rh4 h5 42.
Ra4 Rc5 43. h4 Rd5+ 44. Ke4 Rb5 45. Ra7+ Bc7 46. Bd4 Rd5 47. Bb6 Re5+ 48. Kf3 Rf5+ 49. Kg2 Kc6 50. Bxc7 1-0